 Dungeon Crawl Stone Soup version 0.29.1-1-gd02db6906a (webtiles) character file.

Game seed: 4024671632186786793

67 RKaid the Shooter (level 3, -2/21 HPs)
             Began as a Deep Elf Hunter on Sept 18, 2022.
             Slain by a black bear (5 damage)
             ... on level 3 of the Dungeon.
             The game lasted 00:03:23 (1972 turns).

RKaid the Shooter (Deep Elf Hunter)                 Turns: 1972, Time: 00:03:23

Health: -2/21      AC:  4    Str:  8    XL:     3   Next: 98%
Magic:  5/5        EV: 13    Int: 13    God:
Gold:   84         SH:  0    Dex: 20    Spells: 2/2 levels left

rFire   . . .      SeeInvis .   a - +0 shortbow
rCold   . . .      Faith    .   (shield currently unavailable)
rNeg    . . .      Spirit   .   c - +0 leather armour
rPois   .          Reflect  .   (no helmet)
rElec   .          Harm     .   (no cloak)
rCorr   .          Rampage  .   g - +0 pair of gloves
Will    .....                   (no boots)
Stlth   ++........              (no amulet)
HPRegen 0.07/turn               (no ring)
MPRegen 0.09/turn               (no ring)

@: attractive, hasted, invisible, very quick
A: no striking features
a: no special abilities


You were on level 3 of the Dungeon.
You visited 1 branch of the dungeon, and saw 3 of its levels.

You collected 146 gold pieces.
You spent 62 gold pieces at shops.

Inventory:

Hand Weapons
 a - a +0 shortbow (weapon)
Armour
 c - a +0 leather armour (worn)
 g - a +0 pair of gloves (worn)
   (You found it on level 2 of the Dungeon)
Scrolls
 b - 2 scrolls of immolation {!r}
 e - a scroll of poison {unknown}
 f - a scroll of vulnerability {unknown}
Potions
 d - 3 potions of attraction {!q}


   Skills:
 + Level 2.2 Fighting
 * Level 6.4 Ranged Weapons
 + Level 3.2 Dodging
 - Level 1.2 Stealth


You had 2 spell levels left.
You didn't know any spells.
Your spell library contained the following spells:

 Spells                   Type           Power      Damage    Failure   Level
 Sublimation of Blood     Necr           0%         N/A       56%         2
 Wereblood                Tmut           0%         N/A       56%         2
 Summon Hydra             Summ           0%         N/A       100%        7


Dungeon Overview and Level Annotations

Branches:
Dungeon (3/15)

Altars:

Shops:
D:1 *:


Message History

A goblin is nearby!
A goblin is nearby!
A goblin is nearby!
A goblin is nearby!
You shoot an arrow. The arrow hits the goblin!
You kill the goblin!
No target in view!
No target in view!
No target in view!
Found a stone staircase leading down.
There is a stone staircase leading down here.
There is a stone staircase leading down here.
You now have 129 gold pieces (gained 6).
Found a stone staircase leading up.
Done exploring.
Done exploring.
No target in view!
Done exploring.
No target in view!
No target in view!
Done exploring.
No target in view!
Done exploring.
No target in view!
Done exploring.
No target in view!
Done exploring.
No target in view!
Done exploring.
No target in view!
Done exploring.
No target in view!
Done exploring.
Search for what [Enter for "."]? armour You see here a jackal skeleton.
Things that are here:
a hobgoblin skeleton; a jackal skeleton You see here a +0 pair of gloves.
g - a +0 pair of gloves Unknown command.
You start putting on your armour.
You continue putting on your +0 pair of gloves. x4
You finish putting on your +0 pair of gloves.
There is an escape hatch in the ceiling here.
A mysterious force pulls you upwards. The hatch slams shut behind you.
There is an entrance to Nenowuf's Assorted Antiques here.
d - 4 viscous inky potions (gained 1);
h - a golden potion
i - a fuming ruby potion Thank you for shopping at Nenowuf's Assorted Antiques!
There is a stone staircase leading down here.
You climb downwards.
There is a stone staircase leading up here.
Done exploring.
There is a stone staircase leading down here.
You climb downwards.
There is a stone staircase leading up here.
An adder comes into view.
You shoot an arrow. The arrow hits the adder!
The adder hisses angrily.
You shoot an arrow. The arrow hits the adder.
You kill the adder!
No target in view!
No target in view!
No target in view!
No target in view!
No target in view!
A black bear comes into view.
The black bear growls angrily.
You shoot an arrow. The arrow hits the black bear.
You shoot an arrow. The arrow barely misses the black bear.
You shoot an arrow.
The arrow hits the black bear but does no damage.
You shoot an arrow.
The arrow hits the black bear but does no damage.
You shoot an arrow.
The arrow hits the black bear but does no damage.
The black bear bites you but does no damage.
The black bear misses you. The black bear claws you.
You shoot an arrow. The arrow hits the black bear.
The black bear bites you. The black bear barely misses you.
The black bear closely misses you. x2
The black bear claws you. The black bear closely misses you.
Okay, then.
You shoot an arrow. The arrow hits the black bear.
The black bear bites you.
* * * LOW HITPOINT WARNING * * *
The black bear completely misses you. The black bear barely misses you.
Unknown command.
It was a potion of attraction.
You feel attractive to monsters. The black bear closely misses you.
The black bear claws you.
* * * LOW HITPOINT WARNING * * *
The black bear claws you but does no damage.
It was a potion of haste.
You feel yourself speed up.
The black bear closely misses you. x2; The black bear misses you.
Okay, then.
The black bear is attracted toward you. The black bear is attracted toward you.
It was a potion of invisibility.
You fade into invisibility!
The black bear bites you.
You die...

#..#.# #..#.#
#..#.# #..#.#
#..#.#######.#
#.............
#...ยง#######..
#...h........
#...@........
##.##.........
#.............
#####.........
#.........
#.######.# #.#
#<# ###


You could see a black bear (unable to see you).

Vanquished Creatures
  An adder (D:3)
  A worm (D:2)
  3 endoplasms
  6 giant cockroaches
  4 goblins
  5 hobgoblins
  7 jackals
  A kobold (D:1)
  A quokka (D:1)
  2 ball pythons (D:1)
  3 bats
  6 frilled lizards
  10 rats
50 creatures vanquished.

Notes
Turn   | Place    | Note
-------+----------+-------------------------------------------
     0 | D:1      | RKaid the Deep Elf Hunter began the quest for the Orb.
     0 | D:1      | Reached XP level 1. HP: 12/12 MP: 3/3
   171 | D:1      | Reached XP level 2. HP: 17/17 MP: 4/4
   204 | D:1      | Found Waomiotio's Book Shoppe.
   228 | D:1      | Found Nenowuf's Assorted Antiques.
   248 | D:1      | Bought a scroll labelled GOITOC TAAGAKE for 17 gold pieces
   497 | D:1      | Reached skill level 2 in Fighting
   497 | D:1      | Reached skill level 6 in Ranged Weapons
   516 | D:1      | Reached XP level 3. HP: 21/21 MP: 5/5
   922 | D:2      | Reached skill level 3 in Dodging
  1879 | D:1      | Bought a viscous inky potion for 15 gold pieces
  1879 | D:1      | Bought a golden potion for 15 gold pieces
  1879 | D:1      | Bought a fuming ruby potion for 15 gold pieces
  1956 | D:3      | Noticed a black bear
  1965 | D:3      | HP: 2/21 [black bear (4)]
  1972 | D:3      | Slain by a black bear

Illustrated notes

Levels and vault maps discovered:
D:1:      wander_arrival_estate, layout_basic, serial_shops,
          nicolae_shop_waterfront, nicolae_shop_advertising_works
          [nicolae_subvault_shop_adworks], nrook_mini_backslash, feat_on_display
D:2:      layout_basic, minmay_rat_gold_closets
D:3:      gammafunk_steamed_eel, layout_basic,
          hellmonk_ecumenical_altar_dog_temple, minmay_misc_feat_iff

Skill      XL: |  1  2  3 |
---------------+----------+-----
Fighting       | 2 |  2.2
Ranged Weapons | 6 |  6.4
Dodging        | 3 |  3.2
Stealth        | |  1.2

Action                   || total
-------------------------++-------
 Fire: Shortbow          ||   119
  Use: Scroll            ||     1
       Potion            ||     3
Armor: Leather armour    ||     8
Dodge: Dodged            ||    34

Table legend: (Time is in decaauts)
 A = Elapsed time spent in this place.
 B = Non-inter-level travel time spent in this place.
 C = Inter-level travel time spent in this place.
 D = Time resting spent in this place.
 E = Time spent auto-exploring this place.
 F = Levels seen in this place.
 G = Mean time per level.
                   A        B        C        D        E       F      G
               +--------+--------+--------+--------+--------+-----+--------+
         Total |   2001 |   1881 |    120 |    226 |   1364 |   3 |  667.0 |
       Dungeon |   2001 |   1881 |    120 |    226 |   1364 |   3 |  667.0 |
               +--------+--------+--------+--------+--------+-----+--------+

Top non-repeatable levels by time:
     D:2: 1087 daAuts
     D:1: 874 daAuts
     D:3: 39 daAuts

Table legend:
 A = Kills in this place as a percentage of kills in entire the game.
 B = Kills by you in this place as a percentage of kills by you in the entire game.
 C = Kills by friends in this place as a percentage of kills by friends in the entire game.
 D = Other kills in this place as a percentage of other kills in the entire game.
 E = Experience gained in this place as a percentage of experience gained in the entire game.
 F = Experience gained in this place divided by the number of levels of this place that you have seen.
                   A       B       C       D       E      F
               +-------+-------+-------+-------+-------+----------------------
         Total | 100.0 | 100.0 |   N/A |   N/A | 100.0 |  32.0
       Dungeon | 100.0 | 100.0 |   N/A |   N/A | 100.0 |  32.0
               +-------+-------+-------+-------+-------+----------------------
